 Dungeon Sprint DCSS version 0.04.2-19-ga012a504bd (webtiles) character file.

Game seed: 17274168795109378480, levelgen mode: deterministic

8 diana the Magician (level 2, 0/22 HPs) Deep Elf Fire Elementalist. Began on May 23, 2021. Was an Initiate of Vehumet. Killed from afar by a deep elf mage (8 damage) ... with an exploding inner flame ... hexed by the player character ... in the Dungeon (Sprint V: "Ziggurat Sprint"). The game lasted 00:00:43 (96 turns).

diana the Magician (Deep Elf Fire Elementalist)       Turns: 96, Time: 00:00:43

Health: 0/22       AC: 25    Str: 20    XL:     2 ^: 29
Magic:  10/10      EV: 10    Int: 19    God:    Vehumet [0* [15]]
Gold:   0          SH:  0    Dex: 15    Spells: 11/12 levels left

rFire    + + .     Vision   .   E - +7 great mace "Firestarter" {inner flame, rF++}
rCold    . . .     Gourm    .   (also wielding the above weapon)
rNeg     . . .     Faith    .   C - +15 Maxwell's patent armour {-Cast -Tele rElec MR+ rCorr}
rPois    .         Spirit   .   (no helmet)
rElec    +         Reflect  .   (no cloak)
rCorr    +         Harm     .   (no gloves)
MR       +....     NoTele   +   (no boots) Stlth ..........NoCast +
                                (no amulet)
HPRegen  0.17/turn              x - ring of strength
MPRegen  0.20/turn              y - ring of strength

@: berserking, very quick
A: no striking features
a: Renounce Religion


You were in the Dungeon.
You worshipped Vehumet.
Vehumet was noncommittal.
You were not hungry.

You visited 1 branch

Inventory:

Weapons
 E - the +7 great mace "Firestarter" (weapon) {inner flame, rF++}
   (You found it in the Dungeon)

   Its malleable surface is completely molten, allowing it to meld around and
   partially ignore armour.
   Causes less base damage than a standard weapon; but partially ignores enemy's
   defense and burns causing additional damage to those that don't resist heat.
   It greatly protects you from fire.
Armour
 a - a +0 robe
 C - the +15 Maxwell's patent armour (worn) {-Cast -Tele rElec MR+ rCorr}
   (You found it in the Dungeon)

   It insulates you from electricity.
   It affects your resistance to hostile enchantments.
   It prevents spellcasting.
   It prevents most forms of teleportation.
   It provides partial protection from all sources of acid and corrosion.
Magical Staves
 D - the +6 Majin-Bo {vampiric, corrupt archmagi; MP+6 Int+6}
   (You found it in the Dungeon)

   [staff of ]

   Base accuracy: +5 Base damage: 5 Base attack delay: 1.2 This weapon's minimum
   attack delay (0.6) is reached at skill level 12.
   The minimum and maximum damage of damaging spells cast with this staff are
   significantly increased.
   It falls into the 'Staves' category.
   It is one handed.
   Its enchantment grants additive spellpower to the spells it enhances.
Jewellery
 t - an uncursed ring of dexterity
 u - an uncursed ring of dexterity
 v - an uncursed ring of intelligence
 w - an uncursed ring of intelligence
 x - a ring of strength (left hand)
 y - a ring of strength (right hand)
Wands
 z - a wand of disintegration (7)
 A - a wand of iceblast (7)
 B - a wand of acid (7)
Scrolls
 i - 4 scrolls of blinking
 o - 4 scrolls of amnesia
 p - 7 scrolls of fog
 q - a scroll of holy word
 r - 5 scrolls of bless item
 s - 2 scrolls of fear
Potions
 b - 2 potions of brilliance
 d - 10 potions of curing
 e - 10 potions of heal wounds
 f - 6 potions of haste
 g - 7 potions of magic
 h - 2 potions of berserk rage
 j - 2 potions of invisibility
 k - 4 potions of resistance
 m - 5 potions of agility
 n - 5 potions of might
Comestibles
 c - 7 rations


   Skills:
 + Level 3.4 Maces & Staves
 + Level 5.0 Dodging
 - Level 2.4 Stealth
 + Level 5.6 Spellcasting
 + Level 5.2 Fire Magic


You had 11 spell levels left.
You knew the following spells:

 Your Spells              Type           Power        Failure   Level  Hunger
a - Foxfire               Fire           25 (25)      9%          1    None

Your spell library contained the following spells:

 Spells                   Type           Power        Failure   Level  Hunger
 Searing Ray              Fire           25 (50)      13%         2    None
 Conjure Flame            Fire           25 (100)     26%         3    ##.....
 Inner Flame              Hex/Fire       15 (100)     58%         3    ##.....
 Fireball                 Fire           25 (200)     93%         5    #####..
 Sticky Flame             Fire/Pois      15 (100)     94%         4    ####...


Dungeon Overview and Level Annotations

Branches:
Dungeon (1/1)

Altars:
Ashenzari
Cheibriados
Dithmenos
Elyvilon
Fedhas Madash
Gozag Ym Sagoz
Hepliaklqana
Kikubaaqudgha
Makhleb
Nemelex Xobeh
Okawaru
Qazlal
Ru
Sif Muna
Trog
Uskayaw
Vehumet
Wu Jian
Xom
Yredelemnul
Zin
The Shining One Bahamut & Tiamat
Beogh
Jiyva
Lugonu

Annotations:
D 1 transporter


Message History

Found two items.
Found a transporter.
Unknown command.
A red film seems to cover your vision as you go berserk!
You feel yourself moving faster!
You feel mighty!
You barely miss the deep elf mage.
The deep elf mage barely misses you (0).
The deep elf knight hits you with a +0 long sword (12)!
Ouch! That really hurt!
You bludgeon the deep elf mage (19)!! You burn the deep elf mage (19)!!
The deep elf mage is filled with an inner flame.
The deep elf mage is almost dead. (1/39) HP The deep elf mage hits you with a +0 long sword (2).
The deep elf knight gestures wildly while chanting.
The deep elf knight flickers and vanishes!
Deactivating autopickup; reactivate with Ctrl-A.
You bludgeon the deep elf mage (18)!! You burn the deep elf mage (2).
The deep elf mage explodes!
The fiery explosion engulfs something (26)!!
The fiery explosion engulfs you (8)! You partially resist.
You die...

▓▓▓▓▓▓▓
▓.8©8.▓
▓.....▓
▓.}.].▓
▓.§§§.▓
▓.§.{.▓
▓.§@§.▓
▓▓▓▓▓▓▓


There were no monsters in sight!

Vanquished Creatures (others)
  A spatial maelstrom (D)
1 creature vanquished.

Notes
Turn   | Place    | Note
-------+----------+-------------------------------------------
     0 | D        | diana the Deep Elf Fire Elementalist began the quest for
                  | the Orb.
     0 | D        | Reached XP level 1. HP: 10/10 MP: 6/6
     0 | D        | Found a shimmering blue altar of Sif Muna.
     0 | D        | Found a sacrificial altar of Ru.
     0 | D        | Found a bloodstained altar of Trog.
     0 | D        | Found a stormy altar of Qazlal.
     0 | D        | Found an iron altar of Okawaru.
     0 | D        | Found a sparkling altar of Nemelex Xobeh.
     0 | D        | Found a blossoming altar of Fedhas.
     1 | D        | Found the +6 Majin-Bo {vampiric, corrupt archmagi; MP+6
                  | Int+6}
     1 | D        | Found the +9 ballista "Sniper" {velocity, Acc+∞ +Vis}
     1 | D        | Found the +10 dark maul {crush}
     1 | D        | Found the +15 Maxwell's patent armour {-Cast -Tele rElec
                  | MR+ rCorr}
     1 | D        | Found the +18 shield of the Gong {rElec rN+ MR+ EV-5}
     1 | D        | Found the +14 obsidian axe {chop, +Fly +Vis Soulbond}
     1 | D        | Found the +7 great mace "Firestarter" {inner flame, rF++}
     1 | D        | Found the +6 shillelagh "Devastator" {shatter}
     1 | D        | Found the +11 plutonium sword {*Contam Stlth-}
     1 | D        | Found the +8 lance "Wyrmbane" {slay drac, rPois rF+ rC+
                  | AC+3}
     1 | D        | Found the +9 sword of Zonguldrok {reap}
     1 | D        | Found the +13 scythe of Curses {drain, Soulbond}
     1 | D        | Found the +0 sword of Power
     1 | D        | Found the +7 mace of Variability {chain chaos}
     1 | D        | Found the +7 Singing Sword {slice, sonic wave}
     1 | D        | Found the +8 storm bow {elec, penet}
     2 | D        | Found a transporter.
     2 | D        | Found an ancient bone altar of Kikubaaqudgha.
     2 | D        | Found a viscous altar of Jiyva.
     2 | D        | Found a corrupted altar of Lugonu.
     2 | D        | Found a hazy altar of Hepliaklqana.
     2 | D        | Found a burning altar of Makhleb.
     2 | D        | Found an opulent altar of Gozag.
     2 | D        | Banished a spatial maelstrom
    45 | D        | Became a worshipper of Vehumet
    69 | D        | Reached skill level 5 in Dodging
    69 | D        | Reached skill level 5 in Spellcasting
    69 | D        | Reached skill level 5 in Fire Magic
    69 | D        | Reached XP level 2. HP: 15/15 MP: 6/10
    92 | D        | Entered arena 2.
    92 | D        | Noticed a deep elf mage
    92 | D        | Noticed a deep elf knight
    92 | D        | Found a transporter.
    96 | D        | Killed a deep elf mage
    96 | D        | Killed from afar by a deep elf mage

Levels and vault maps discovered:
D:        sprint_v [room_start, room_1, room_2, room_3, room_4, room_5, room_6,
          room_7, room_8, room_9, room_10, room_11, room_12, room_13, room_14,
          room_15, room_16, room_17, room_18, room_19, room_20, room_21,
          room_22, room_23, room_24, room_25, room_26, room_27]

Skill      XL: |  1 |
---------------+----+-----
Maces & Staves | 3 |  3.4
Dodging        | 5 |  5.0
Spellcasting   | 5 |  5.6
Fire Magic     | 5 |  5.2
Stealth        | |  2.4

Action                   || total
-------------------------++-------
Melee: Great mace        ||     3
  Use: Potion            ||     2
Dodge: Dodged            ||     1
